 Dungeon Crawl Stone Soup version 0.30-a0-457-g4b7bca3bfa (webtiles) character file.

Game seed: 12249281836033838273

3231 bande the Cleaver (level 9, -3/55 HPs)
             Began as a Gargoyle Fighter on Dec 13, 2022.
             Was a Priest of Okawaru.
             Slain by Psyche
             ... wielding a +1 dagger of distortion
              (7 damage)
             ... on level 7 of the Dungeon.
             The game lasted 00:15:22 (6808 turns).

bande the Cleaver (Gargoyle Fighter)                Turns: 6808, Time: 00:15:23

Health: -3/55      AC:  0    Str: 20    XL:     9   Next: 98%
Magic:  12/12      EV: 13    Int:  9    God:    Okawaru [***...]
Gold:   297        SH:  0    Dex: 13    Spells: 8/8 levels left

rFire   . . .      SeeInvis .    (weapon currently unavailable)
rCold   . . .      Faith    +    (shield currently unavailable)
rNeg    + . .      Spirit   .    (body armour currently unavailable)
rPois   ∞          Reflect  .    (helmet currently unavailable)
rElec   .          Harm     .    (cloak currently unavailable)
rCorr   .          Rampage  .    (gloves currently unavailable)
Will    .....                    (boots currently unavailable)
Stlth   +.........               e - amulet of faith
HPRegen 0.29/turn                (ring currently unavailable)
MPRegen 0.13/turn                (ring currently unavailable)

@: pig-form, very quick
A: fast, no casting, sickness immunity, AC +6, small, negative energy resistance
1, (electricity resistance), torment resistance 1, petrification resistance
a: Renounce Religion, Heroism


You were on level 7 of the Dungeon.
You worshipped Okawaru.
Okawaru was most pleased with you.
You were a filthy swine.
You visited 2 branches of the dungeon, and saw 9 of its levels.

You collected 297 gold pieces.

Inventory:

Hand Weapons
 a - a +0 war axe
 v - a +2 war axe (melded)
 A - a +3 flail
Armour
 c - a +0 buckler (melded)
 k - the +19 shadow dragon scales "Uguleurr" (melded) {rC+ Int+2 SInv Stlth++++}
   (You acquired it on level 3 of the Dungeon)

   Int:       It affects your intelligence (+2).
   rC:        It protects you from cold.
   SInv:      It lets you see invisible.
   Stlth:     It makes you much more stealthy.
 q - a scarf of repulsion (melded)
 r - a +1 helmet (melded)
 t - a +1 cloak
Jewellery
 e - an amulet of faith (around neck)
 f - a +4 ring of protection (melded)
 m - a +6 ring of dexterity (melded)
Wands
 s - a wand of acid (16)
 x - a wand of digging (7)
Scrolls
 b - a scroll of amnesia
 l - 3 scrolls of teleportation
 y - a scroll of fear
 B - a scroll of magic mapping
 D - a scroll of butterflies {unknown}
Potions
 d - 2 potions of might
 g - 3 potions of flight
 h - 3 potions of mutation
 i - a potion of berserk rage
 j - 2 potions of invisibility
 n - a potion of cancellation
 o - a potion of resistance {unknown}
 p - a potion of haste {unknown}
 u - 2 potions of curing
 z - a potion of degeneration {unknown}
 C - a potion of lignification {unknown}
 E - a potion of heal wounds {unknown}
 G - a potion of attraction {unknown}


   Skills:
 + Level 6.0 Fighting
 + Level 8.5 Axes
 + Level 6.1 Armour
 + Level 5.5 Shields
 * Level 4.7 Invocations
 * Level 4.1 Evocations


You had 8 spell levels left.
You didn't know any spells.
Your spell library contained the following spells:

 Spells                   Type           Power      Damage    Failure   Level
 Apportation              Tloc           0%         N/A       38%         1
 Magic Dart               Conj           0%         1d3       38%         1
 Necrotise                Necr           0%         1d4       38%         1
 Slow                     Hex            0%         N/A       38%         1
 Confusing Touch          Hex            0%         N/A       77%         3
 Frozen Ramparts          Ice            0%         1d1       77%         3
 Gell's Gravitas          Tloc           0%         N/A       77%         3
 Mephitic Cloud           Conj/Pois/Air  0%         N/A       77%         3
 Portal Projectile        Hex/Tloc       0%         N/A       77%         3
 Teleport Other           Tloc           0%         N/A       77%         3
 Vampiric Draining        Necr           0%         2d6       77%         3
 Leda's Liquefaction      Hex/Erth       0%         N/A       99%         4
 Petrify                  Tmut/Erth      0%         N/A       99%         4
 Irradiate                Conj/Tmut      0%         3d11      100%        5
 Dispersal                Tloc           0%         N/A       100%        6
 Ozocubu's Refrigeration  Ice            0%         4d7       100%        7
 Polar Vortex             Ice            0%         N/A       100%        9
 Summon Small Mammal      Summ           Unusable   N/A       N/A         1
 Call Imp                 Summ           Unusable   N/A       N/A         2
 Sublimation of Blood     Necr           Unusable   N/A       N/A         2
 Call Canine Familiar     Summ           Unusable   N/A       N/A         3

Dungeon Overview and Level Annotations

Branches:
Dungeon (8/15)             Temple (1/1) D:4
   Lair: D:8-11

Altars:
Ashenzari
Dithmenos
Fedhas
Gozag
Hepliaklqana
Makhleb
Nemelex Xobeh
Okawaru
Qazlal
Ru
Trog
Uskayaw
Wu Jian
Xom
Yredelemnul
Zin
The Shining One

Shops:
D:2 :   D:6 !

Annotations:
D:8 Psyche


Innate Abilities, Weirdness & Mutations

You are a filthy swine.
You move quickly.
Your equipment is almost entirely melded.
You are incapable of wielding weapons or throwing items.
You cannot cast spells.
You are immune to sickness and miasma.
((Your stone body is resilient. (AC +6)))
You are immune to poison.
You resist negative energy. (rN+)
((You are resistant to electric shocks. (rElec)))
You are resistant to unholy torment.
You are immune to petrification.


Message History

Psyche zaps a wand.
You easily resist.
Psyche hits you but does no damage. Space warps horribly around you!!
You hit Psyche but do no damage.
Psyche is severely wounded.
Psyche zaps a wand.
You easily resist.
Psyche casts a spell at you.
You turn into a filthy swine.
Your +2 war axe melds into your body.
Your scarf of repulsion melds into your body.
Your +1 helmet melds into your body.
Your +0 buckler melds into your body.
The +19 shadow dragon scales "Uguleurr" {rC+ Int+2 SInv Stlth++++} melds into your body.
Your +4 ring of protection melds into your body.
Your +6 ring of dexterity melds into your body.
The haze of the repulsion field disappears.
You feel clumsy.
You hit Psyche.
Psyche is severely wounded.
The orc closely misses you.
Psyche gestures wildly while chanting.
Psyche flickers and vanishes!
Deactivating autopickup; reactivate with Ctrl-A.
You miss something.
You hear some strange, mumbled words.
A swirling arc of seething chaos appears!
An arc of chaos appears from out of thin air!
The arc of chaos hits you.
The arc of chaos hits the orc but does no damage.
The orc is drained!
The orc completely misses you.
There is a stone staircase leading up here.
Something hits you! Space warps around you.
* * * LOW HITPOINT WARNING * * *
You climb upwards.
Reactivating autopickup.
There is a stone staircase leading down here.
You start resting.
Something hits you!
* * * LOW HITPOINT WARNING * * *
Space warps around you.
* * * LOW HITPOINT WARNING * * *
Deactivating autopickup; reactivate with Ctrl-A.
You start resting.
Something barely misses you. Something hits you!
You die...

###.......###.......#
#.........###.....###
#.............#.#####
#....<.......##.###..
##......###.....##...
#.....## #...#......
##.....###..##....#.
##..##.#....##....##
###..h.#.#....##....##
##..........#..........
#....##..#.##.##..##..#
#....##(#.....#......##
##......####...........
##.....## #..#.....#..
#####..###........#..
##..#...##...........
#...................#


There were no monsters in sight!

Vanquished Creatures
  Prince Ribbit (D:5)
  A wyvern (D:7)
  A steam dragon (D:6)
  3 water moccasins
  An ice beast (D:5)
  2 black bears
  A sky beast (D:6)
  4 ogres
  The ghost of arthad the Insei, an amateur OpTm (D:3)
  3 phantoms
  A kobold brigand (D:6)
  3 bullfrogs
  A necrophage (D:7)
  A scorpion (D:6)
  4 wights (D:6)
  4 howler monkeys
  2 electric eels (D:7)
  A hound (D:6)
  2 jellies
  An orc priest (D:7)
  Jessica (D:2)
  Ijyb (D:5)
  5 iguanas
  4 orc wizards
  7 gnolls
  7 adders
  A white imp (D:8)
  6 dart slugs
  19 orcs
  8 ball pythons
  2 bats
  7 endoplasms
  5 giant cockroaches
  5 goblins
  5 hobgoblins
  9 kobolds
  3 quokkas
  6 frilled lizards
  6 rats
145 creatures vanquished.

Notes
Turn   | Place    | Note
-------+----------+-------------------------------------------
     0 | D:1      | bande the Gargoyle Fighter began the quest for the Orb.
     0 | D:1      | Reached XP level 1. HP: 14/14 MP: 1/1
    91 | D:1      | Reached XP level 2. HP: 19/19 MP: 2/2
   197 | D:1      | Reached skill level 2 in Axes
   399 | D:1      | You fall into a shaft and drop 1 floor!
   773 | D:2      | Reached XP level 3. HP: 22/23 MP: 3/3
   892 | D:2      | Noticed Jessica
   902 | D:2      | Killed Jessica
   903 | D:2      | Reached XP level 4. HP: 29/29 MP: 4/4
   940 | D:2      | Found an opulent altar of Gozag.
  1050 | D:2      | Found Huvorcha's Book Emporium.
  1158 | D:2      | Reached skill level 3 in Axes
  1626 | D:3      | Identified a scroll of acquirement
  1626 | D:3      | Acquired the +19 shadow dragon scales "Uguleurr" {rC+ Int+2
                  | SInv Stlth++++}
  1684 | D:3      | Noticed a water moccasin
  1725 | D:3      | Killed a water moccasin
  1726 | D:3      | Reached XP level 5. HP: 25/33 MP: 5/5
  1940 | D:3      | Identified the +9 spear of Coowi {vorpal, rPois MP+9}
  1941 | D:3      | Noticed arthad's ghost (amateur OpTm)
  1942 | D:3      | Found a runed translucent gate.
  1942 | D:3      | Found a runed translucent gate.
  1943 | D:3      | Found a runed translucent gate.
  2672 | D:3      | Killed arthad's ghost
  2673 | D:3      | Reached skill level 4 in Axes
  2673 | D:3      | Reached XP level 6. HP: 38/38 MP: 6/6
  3125 | D:4      | Reached XP level 7. HP: 44/44 MP: 7/7
  3226 | D:4      | Identified the +0 robe of the Pit {Harm Dex+3}
  3309 | D:4      | Reached skill level 5 in Axes
  3309 | D:4      | Reached skill level 1 in Evocations
  3397 | D:4      | Found a staircase to the Ecumenical Temple.
  3625 | Temple   | Entered the Ecumenical Temple
  3703 | Temple   | Became a worshipper of Warmaster Okawaru
  3811 | D:5      | Entered Level 5 of the Dungeon
  3997 | D:5      | Reached skill level 1 in Invocations
  4017 | D:5      | Noticed Ijyb
  4029 | D:5      | Killed Ijyb
  4142 | D:5      | Reached * piety under Okawaru
  4143 | D:5      | Reached skill level 5 in Armour
  4143 | D:5      | Reached XP level 8. HP: 48/48 MP: 7/9
  4224 | D:5      | Reached skill level 6 in Axes
  4390 | D:5      | Noticed Prince Ribbit
  4411 | D:5      | Killed Prince Ribbit
  4412 | D:5      | Reached skill level 5 in Fighting
  4696 | D:6      | Reached ** piety under Okawaru
  4742 | D:6      | Reached skill level 7 in Axes
  4742 | D:6      | Reached skill level 5 in Shields
  4806 | D:6      | Reached XP level 9. HP: 53/54 MP: 11/11
  4849 | D:6      | Got the Codex of Cold
  4966 | D:6      | Reached *** piety under Okawaru
  5431 | D:6      | Found Howutooh's Distillery.
  5552 | D:6      | Reached skill level 8 in Axes
  5740 | D:7      | Received a gift from Okawaru
  6047 | D:7      | Reached **** piety under Okawaru
  6434 | D:8      | Found a glowing silver altar of Zin.
  6445 | D:8      | Noticed Psyche
  6808 | D:7      | Slain by Psyche

Illustrated notes

Levels and vault maps discovered:
D:1:      nzn_arrival_water_spiral, layout_loops_ring
D:2:      layout_loops_ring, basic_altar, serial_shops, shop, uniq_jessica
D:3:      layout_loops_corners, serial_aquarium, aquarium_bridge_straight
          [aquarium_subvault_bridge, aquarium_subvault_wall,
          aquarium_subvault_bridge, aquarium_subvault_wall],
          aquarium_window_fake, aquarium_window_1, aquarium_window_1,
          aquarium_window_corner, aquarium_view_2a, aquarium_balcony_double_1,
          aquarium_pool_split, biasface_ghost_orc_armoury, minmay_liquid_box
D:4:      layout_rooms, temple_doors_e
D:5:      wander_river, layout_basic, hangedman_decor_clover_reticule,
          uniq_prince_ribbit1, uniq_ijyb
D:6:      layout_loops_corners, serial_shops, nicolae_diamond_shop
D:7:      layout_cave_pools, minmay_crystal_water, minmay_misc_feat_ornament
D:8:      layout_loops_corners, pdpol_temple_overflow_zin_treasury_gozag_greed,
          uniq_psyche
Temple:   nicolae_temple_superstar

Skill      XL: |  1  2  3  4  5  6  7  8  9 |
---------------+----------------------------+-----
Axes           | 2 3 4 5 7 8 |  8.5
Fighting       | 4 5 6 |  6.0
Armour         | 4 5 6 |  6.1
Shields        | 4 5 |  5.5
Evocations     | 1 2 4 |  4.1
Invocations    | 1 3 4 |  4.7

Action                   |  1- 3 |  4- 6 |  7- 9 || total
-------------------------+-------+-------+-------++-------
Melee: War axe           |    70 |   172 |   371 ||   613
       Unarmed           |       |       |     6 ||     6
  Use: Scroll            |     3 |     4 |     6 ||    13
 Stab: Sleeping          |       |     3 |     7 ||    10
Armor: Scale mail        |    33 |    24 |       ||    57
       Shadow dragon sca |       |   129 |   315 ||   444
Dodge: Dodged            |    37 |    65 |   126 ||   228
       Repelled          |       |     1 |     1 ||     2
Block: Buckler           |    17 |    35 |   102 ||   154

Table legend: (Time is in decaauts)
 A = Elapsed time spent in this place.
 B = Non-inter-level travel time spent in this place.
 C = Inter-level travel time spent in this place.
 D = Time resting spent in this place.
 E = Time spent auto-exploring this place.
 F = Levels seen in this place.
 G = Mean time per level.
                   A        B        C        D        E       F      G
               +--------+--------+--------+--------+--------+-----+--------+
         Total |   7001 |   6620 |    381 |    429 |   4388 |   9 |  777.9 |
       Dungeon |   6872 |   6491 |    381 |    429 |   4292 |   8 |  859.0 |
        Temple |    128 |    128 |      0 |      0 |     96 |   1 |  128.0 |
               +--------+--------+--------+--------+--------+-----+--------+

Top non-repeatable levels by time:
     D:3: 1579 daAuts
     D:6: 1035 daAuts
     D:5: 930 daAuts
     D:7: 881 daAuts
     D:4: 766 daAuts
     D:1: 733 daAuts
     D:2: 710 daAuts
     D:8: 236 daAuts
  Temple: 128 daAuts
